 Dungeon Crawl Stone Soup version 0.31.0-32-g396128a36d (webtiles) character file.

Game seed: 1265967583878357146

2436 cdecastro the Carver (level 9, -13/70 HPs)
             Began as an Armataur Warper on Mar 13, 2024.
             Was a Priest of Ashenzari.
             Mangled by a two-headed ogre
             ... wielding a +0 glaive
              (27 damage)
             ... in a bailey on Mar 14, 2024.
             The game lasted 00:15:49 (5934 turns).

cdecastro the Carver (Armataur Warper)              Turns: 5934, Time: 00:15:50

Health: -13/70     AC:  8    Str: 18    XL:     9   Next: 24%
Magic:  8/13       EV:  8    Int: 17    God:    Ashenzari [***...]
Gold:   85         SH:  0    Dex: 11    Spells: 1/13 levels left

rFire   . . .        o - +7 falchion of Ashenzari's Sophism {holy, rPois Dex+2, Dev, Self} (curse)
rCold   . . .        (no shield)
rNeg    . . .        j - +0 ring mail of the Celestial Augurer {Range, Melee} (curse)
rPois   +            p - +0 helmet "Eternal Existentialism" {Bglg, Range} (curse)
rElec   .            A - +0 cloak of the Ruined Apathy {Bglg, Range} (curse)
rCorr   .            D - +0 pair of gloves "Astrological Seeker" {Melee, Elem} (curse)
SInv    +            (no barding)
Will    .....        B - amulet of magic regeneration
Stlth   +            q - ring of wizardry
HPRegen 0.31/turn    (no ring)
MPRegen 0.53/turn

%: clarity, roll, wizardry (x1)
@: no status effects
A: large, deformed body, tough skin 3, armoured tail, roll 2
a: Renounce Religion, Curse Item, Shatter the Chains


You were in a bailey.
You worshipped Ashenzari.
Ashenzari was most pleased with you.
You visited 2 branches of the dungeon, and saw 8 of its levels.
You also visited: Bailey.

You collected 431 gold pieces.
You spent 346 gold pieces at shops.

Inventory:

Hand Weapons
 a - a +0 mace
 o - the cursed +7 falchion of Ashenzari's Sophism (weapon) {holy, rPois Dex+2, Dev, Self}
   (You found it on level 2 of the Dungeon)

   Dex+2:     It affects your dexterity (+2).
   rPois:     It protects you from poison It has a curse which improves the
   following skills: Devices: Evocations and Shapeshifting.
   Introspection: Fighting and Spellcasting.
Missiles
 d - 7 darts of dispersal
 x - 7 poisoned darts (quivered)
Armour
 b - a +0 leather armour
 j - the cursed +0 ring mail of the Celestial Augurer (worn) {Range, Melee}
   (You found it on level 1 of the Dungeon)

   It has a curse which improves the following skills: Ranged Combat: Ranged
   Weapons and Throwing.
   Melee Combat: Short Blades, Long Blades, Axes, Maces & Flails, Polearms,
   Staves and Unarmed Combat.
 p - the cursed +0 helmet "Eternal Existentialism" (worn) {Bglg, Range}
   (You found it on level 2 of the Dungeon)

   It has a curse which improves the following skills: Beguiling: Hexes and
   Translocations.
   Ranged Combat: Ranged Weapons and Throwing.
 w - a +0 leather armour of willpower
 A - the cursed +0 cloak of the Ruined Apathy (worn) {Bglg, Range}
   (You took it off Crazy Yiuf on level 5 of the Dungeon)

   It has a curse which improves the following skills: Beguiling: Hexes and
   Translocations.
   Ranged Combat: Ranged Weapons and Throwing.
 D - the cursed +0 pair of gloves "Astrological Seeker" (worn) {Melee, Elem}
   (You bought it in a shop on level 2 of the Dungeon)

   It has a curse which improves the following skills: Melee Combat: Short
   Blades, Long Blades, Axes, Maces & Flails, Polearms, Staves and Unarmed
   Combat.
   Elements:  Fire Magic, Ice Magic, Air Magic and Earth Magic.
 E - a +0 ring mail of fire resistance
 F - a +3 leather armour of fire resistance
 I - +2 ice dragon scales
Jewellery
 q - a ring of wizardry (left hand)
 B - an amulet of magic regeneration (around neck)
Talismans
 n - a maw talisman
Wands
 z - a wand of paralysis (10)
Scrolls
 c - a scroll of blinking
 e - a scroll of fog
 h - 5 scrolls of vulnerability
 l - 7 scrolls of teleportation
 s - 3 scrolls of revelation
 t - a scroll of torment
 v - 4 scrolls of identify
 y - 2 scrolls of enchant weapon
 G - a scroll of enchant armour
 H - a scroll of immolation
Potions
 f - 5 potions of attraction
 g - 2 potions of enlightenment
 i - a potion of brilliance
 k - 9 potions of curing
 m - a potion of magic
 r - a potion of invisibility
 u - a potion of haste
 C - a potion of lignification


   Skills:
 - Level 2.3(3.5) Fighting
 * Level 8.9(11.2) Long Blades
 - Level 2.5(4.3) Maces & Flails
 - Level 0.8(2.3) Throwing
 - Level 1.2 Armour
 - Level 1.3 Dodging
 - Level 1.7(2.8) Spellcasting
 + Level 7.9(10.2) Translocations


You had one spell level left.
You knew the following spells:

 Your Spells              Type           Power      Damage    Failure   Level
a - Apportation           Tloc           74%        N/A       1%          1
b - Blink                 Tloc           74%        N/A       1%          2
c - Lesser Beckoning      Tloc           74%        N/A       1%          2
d - Teleport Other        Tloc           37%        N/A       1%          3
e - Manifold Assault      Tloc           37%        N/A       1%          4

Your spell library contained the following spells:

 Spells                   Type           Power      Damage    Failure   Level
 Necrotise                Necr           8%         1d4       13%         1
 Sting                    Conj/Alch      8%         1d3       13%         1
 Summon Small Mammal      Summ           8%         N/A       13%         1
 Vhi's Electric Charge    Tloc/Air       40%        N/A       16%         4
 Mercury Vapours          Alch/Air       4%         N/A       19%         2
 Olgreb's Toxic Radiance  Alch           2%         N/A       75%         4


Dungeon Overview and Level Annotations

Branches:
Dungeon (7/15)             Temple (1/1) D:6          Bailey (1/1)

Altars:
Ashenzari
Cheibriados
Dithmenos
Fedhas
Hepliaklqana
Kikubaaqudgha
Makhleb
Nemelex Xobeh
Okawaru
Qazlal
Ru
Sif Muna
Uskayaw
Wu Jian
Xom
Yredelemnul
Zin
The Shining One

Shops:
D:2 [

Annotations:
D:2 not done


Innate Abilities, Weirdness & Mutations

Armour fits poorly on your strangely shaped body.
You have extremely tough skin. (AC +3)
You have a long armoured tail.
You regenerate magic and health when rolling toward enemies. (Rampage Regen)


Message History

Blink to where?
Press: ? - help, Dir - move target, p - two-headed ogre
As you read the scroll of blinking, it crumbles to dust.
Unknown command.
Throw: 7 darts (poison)
Press: ? - help, Q - select action, (/) - cycle Shift-Dir - straight line, f - steam dragon
Aim: a steam dragon (almost dead, 54% to hit)
You throw a poisoned dart.
The poisoned dart hits the steam dragon.
The steam dragon is poisoned.
The steam dragon is almost dead.
Unknown command.
You kill the steam dragon!
Unknown command.
Found five items.
x - 7 poisoned darts (gained 1)
You enter the shallow water.
Found four items.
Press: ? - help, v - describe, . - travel, g - get item Item here: 3 scrolls of summoning.
The floor.
Unknown command.
You see here +2 ice dragon scales.
I - +2 ice dragon scales
Casting: Teleport Other (safe; 1% risk of failure)
Confirm with . or Enter, or press ? or * to list all spells.
Aiming: Teleport Other (safe; 1% risk of failure)
Press: ? - help, Shift-Dir - straight line, f - two-headed ogre
Aim: a two-headed ogre, wielding a +0 glaive and a +0 halberd (chance to affect: 57%)
The two-headed ogre resists with significant effort.
Unknown command.
Casting: Teleport Other (safe; 1% risk of failure)
Confirm with . or Enter, or press ? or * to list all spells.
Aiming: Teleport Other (safe; 1% risk of failure)
Press: ? - help, Shift-Dir - straight line, f/p - two-headed ogre
Aim: a two-headed ogre, wielding a +0 glaive and a +0 halberd (chance to affect: 57%)
The two-headed ogre resists with significant effort.
Unknown command.
The two-headed ogre attacks as it pursues you!
The two-headed ogre hits you from afar with a +0 glaive!!
You die...

######### ##.......## ###
##.......).## #.##
##..♣#####♣..## ...##
##..♣#.....♣♣).## ....#
##..♣#.......#♣..##
....###..♣#..♣♣#♣♣..#...#
.∩..~~~..#..♣♣O.@♣♣.#...#
....~~~..#.†♣..≈)?♣.#~..#
....~~~..#..~.≈≈≈!♣.~~..#
....~~~..#..#..≈)!♣.#~..#
.∩.)~~~..#..♣♣.?!♣♣.#...#
....###..##.{♣#♣♣♣..#...#
....# ##..♣#.{.....##..##
...## ##..##.....#♣..##
#.## ##..♣♣####♣..##


You could see a two-headed ogre.

Vanquished Creatures
  2 spriggans (Bailey)
  A human (D:5)
  2 steam dragons
  Menkaure (D:4)
  2 black bears
  An ice beast (D:5)
  5 ogres
  A phantom (D:4)
  5 scorpions
  A gnoll bouda (D:6)
  A bombardier beetle (D:5)
  A jelly (D:6)
  A human zombie (D:5)
  2 orc priests (D:4)
  2 hounds
  Crazy Yiuf (D:5)
  5 iguanas
  2 orc wizards
  9 gnolls
  6 adders
  A white imp (D:7)
  4 dart slugs
  A ribbon worm (D:5)
  11 orcs
  5 bats
  5 endoplasms
  3 giant cockroaches
  4 goblins (D:7)
  3 hobgoblins
  3 jackals (D:4)
  2 quokkas
  10 ball pythons
  A frilled lizard (D:1)
  A jackal skeleton (D:5)
  9 kobolds
  2 rats
116 creatures vanquished.

Notes
Turn   | Place    | Note
-------+----------+-------------------------------------------
     0 | D:1      | cdecastro the Armataur Warper began the quest for the Orb.
     0 | D:1      | Reached XP level 1. HP: 17/17 MP: 3/3
   353 | D:1      | Reached XP level 2. HP: 24/24 MP: 4/4
  1004 | D:2      | Noticed a black bear
  1064 | D:2      | Reached XP level 3. HP: 29/29 MP: 5/5
  1194 | D:2      | Found a faded altar of an unknown god.
  1211 | D:2      | Prayed at the altar of an unknown god.
  1211 | D:2      | Became a worshipper of Ashenzari the Shackled
  1247 | D:2      | Identified the +7 falchion of Pelier {holy, rPois Dex+2}
  1465 | D:3      | Reached skill level 1 in Long Blades
  1476 | D:2      | Noticed a scorpion
  1482 | D:2      | Killed a scorpion
  1483 | D:2      | Reached skill level 2 in Long Blades
  1483 | D:2      | Reached XP level 4. HP: 18/37 MP: 6/6
  1912 | D:3      | Found a shimmering altar of Xom.
  2085 | D:4      | Reached XP level 5. HP: 42/42 MP: 7/7
  2109 | D:4      | Noticed a phantom
  2117 | D:4      | Killed a phantom
  2118 | D:4      | Reached skill level 3 in Long Blades
  2198 | D:4      | Noticed an ogre
  2436 | D:4      | Reached * piety under Ashenzari
  2483 | D:4      | Noticed Menkaure
  2487 | D:4      | Killed Menkaure
  2488 | D:4      | Reached skill level 4 in Long Blades
  2488 | D:4      | Reached XP level 6. HP: 49/49 MP: 8/8
  2533 | D:4      | Reached skill level 5 in Translocations
  2672 | D:5      | Entered Level 5 of the Dungeon
  2679 | D:5      | Gained mutation: You regenerate magic and health when
                  | rolling toward enemies. (Rampage Regen) [Armataur growth]
  2679 | D:5      | Reached XP level 7. HP: 11/56 MP: 9/9
  2880 | D:5      | Reached skill level 5 in Long Blades
  2902 | D:5      | Found a broken altar of Ashenzari.
  2904 | D:5      | Found an ornate altar of the Wu Jian Council.
  2906 | D:5      | Found a hazy altar of Hepliaklqana.
  2988 | D:5      | Reached ** piety under Ashenzari
  3094 | D:4      | Found a shadowy altar of Dithmenos.
  3311 | D:5      | Found a runed translucent door.
  3311 | D:5      | Noticed a human
  3508 | D:5      | Found a runed translucent door.
  3509 | D:5      | Noticed Crazy Yiuf
  3614 | D:5      | Reached skill level 6 in Long Blades
  3617 | D:5      | Learned a level 1 spell: Apportation
  3620 | D:5      | Learned a level 2 spell: Blink
  3623 | D:5      | Learned a level 2 spell: Lesser Beckoning
  3627 | D:5      | Learned a level 3 spell: Teleport Other
  3673 | D:5      | Found an iron altar of Okawaru.
  3695 | D:5      | Reached XP level 8. HP: 21/63 MP: 11/11
  3908 | D:5      | Found a basalt altar of Yredelemnul.
  4302 | D:5      | Killed Crazy Yiuf
  4394 | D:2      | Found Zoruhaell's Antique Armour Shoppe.
  4758 | D:2      | Bought a pair of gloves for 94 gold pieces
  4774 | D:2      | Bought a glowing ring mail for 147 gold pieces
  4774 | D:2      | Bought a glowing leather armour for 105 gold pieces
  4964 | D:5      | Reached skill level 7 in Long Blades
  5074 | D:5      | Learned a level 4 spell: Manifold Assault
  5166 | D:6      | Found a blossoming altar of Fedhas.
  5270 | D:6      | Found a staircase to the Ecumenical Temple.
  5290 | Temple   | Entered the Ecumenical Temple
  5484 | D:6      | Reached *** piety under Ashenzari
  5619 | D:7      | Reached skill level 8 in Long Blades
  5731 | D:7      | Found a flagged portal.
  5744 | Bailey   | Entered a bailey
  5796 | Bailey   | Reached XP level 9. HP: 70/70 MP: 13/13
  5876 | Bailey   | Noticed a two-headed ogre
  5925 | Bailey   | Identified the +5 scimitar of the Eye-covered God {pain,
                  | rC+}
  5925 | Bailey   | Identified the +3 broad axe of Annoyance {flame, rPois
                  | Int+2}
  5934 | Bailey   | Mangled by a two-headed ogre

Illustrated notes

Levels and vault maps discovered:
D:1:      dpeg_arrival_brainrot, layout_basic
D:2:      cheibrodos_helix_gallery, layout_rooms, serial_shops, shop,
          ebering_ecumenical_altar_abandoned, minmay_gold_behind_fungi,
          kennysheep_generic_room_4
D:3:      layout_loops_cross, lemuel_doored_altar
D:4:      layout_basic, nicolae_dithmenos_shadow_blocks,
          minmay_fractal_squares_diagonal_5, uniq_menkaure
D:5:      layout_basic, dk_yredelemnul_ordeal, nicolae_overflow_hidden_temple,
          grunt_temple_overflow_open, uniq_crazy_yiuf_cottage
D:6:      layout_rooms, fedhas_altar_1, minmay_temple_entry_mini_moons,
          grunt_ministairs_10, chequers_garden
D:7:      layout_rooms, enter_bailey_3, uniq_jeremiah
Temple:   nicolae_temple_bog_church
Bailey:   bailey_polearm_enchanted_keep_hellmonk, bailey

Skill      XL: |  1  2  3  4  5  6  7  8 |
---------------+-------------------------+-----
Maces & Flails | 2 |  2.5
Fighting       | 2 |  2.3
Long Blades    | 2 4 6 8 |  8.9
Translocations | 4 5 6 7 |  7.9
Throwing       | |  0.8
Armour         | |  1.2
Dodging        | |  1.3
Spellcasting   | |  1.7

Action                     |  1- 3 |  4- 6 |  7- 9 || total
---------------------------+-------+-------+-------++-------
  Melee: Mace              |    53 |       |       ||    53
         Tailslap          |    11 |     9 |    26 ||    46
         Falchion          |    12 |    58 |   208 ||   278
         Punch             |       |       |     2 ||     2
  Throw: Dart              |       |       |     1 ||     1
   Cast: Teleport Other    |       |       |     3 ||     3
 Invoke: Curse Item        |     1 |     1 |     3 ||     5
    Use: Scroll            |       |       |     1 ||     1
 Armour: Leather armour    |    11 |       |       ||    11
         Ring mail         |    56 |    44 |   177 ||   277
  Dodge: Dodged            |    47 |    19 |    86 ||   152
